 Dungeon Crawl Stone Soup version 0.30-a0-365-ge7f957f1db (webtiles) character file.

Game seed: 16489270426273945390

1378 LnG the Covert (level 8, -2/44 HPs)
             Began as a Kobold Summoner on Nov 15, 2022.
             Was an Initiate of Dithmenos.
             Slain by an iguana (10 damage)
             ... on level 6 of the Dungeon on Nov 16, 2022.
             The game lasted 00:17:15 (6307 turns).

LnG the Covert (Kobold Summoner)                    Turns: 6307, Time: 00:17:16

Health: -2/44      AC:  5    Str:  6    XL:     8   Next: 98%
Magic:  10/14      EV: 18    Int: 18    God:    Dithmenos [......]
Gold:   419        SH:  0    Dex: 15    Spells: 6/15 levels left

rFire   + . .      SeeInvis .    t - +0 dagger (holy)
rCold   + . .      Faith    .    (no shield)
rNeg    . . .      Spirit   .    o - +2 robe {rF+}
rPois   .          Reflect  .    (no helmet)
rElec   .          Harm     .    (no cloak)
rCorr   .          Rampage  .    (no gloves)
Will    .....                    j - +0 pair of boots
Stlth   +++++.....               (no amulet)
HPRegen 0.27/turn                x - ring of protection from cold
MPRegen 0.14/turn                (no ring)

@: about to teleport, studying Shields
A: small, no large weapons, nightstalker 3
a: Renounce Religion


You were on level 6 of the Dungeon.
You worshipped Dithmenos.
Dithmenos was noncommittal.
You visited 2 branches of the dungeon, and saw 7 of its levels.
You also visited: Sewer.

You collected 419 gold pieces.

Inventory:

Hand Weapons
 n - a +0 dagger
 t - a +0 dagger of holy wrath (weapon)
Armour
 a - a +0 robe
 j - a +0 pair of boots (worn)
 o - a +2 robe of fire resistance (worn)
Jewellery
 x - a ring of protection from cold (left hand)
Wands
 v - a wand of paralysis (12)
Scrolls
 d - 3 scrolls of identify {unknown}
 i - a scroll of fear {unknown}
 m - a scroll of enchant armour {unknown}
 p - 2 scrolls of immolation {unknown}
 s - 2 scrolls of blinking {unknown}
 u - a scroll of poison {unknown}
Potions
 b - a potion of magic
 f - a potion of degeneration {unknown}
 g - 4 potions of might {unknown}
 h - 2 potions of cancellation {unknown}
 k - 3 potions of attraction {unknown}
 l - 4 potions of heal wounds {unknown}
 q - 3 potions of mutation {unknown}
 r - a potion of invisibility {unknown}
 w - a potion of lignification {unknown}


   Skills:
 + Level 1.7 Fighting
 + Level 3.1 Short Blades
 * Level 7.2 Dodging
 * Level 8.7 Stealth
 + Level 4.4 Spellcasting
 + Level 5.5 Summonings


You had 6 spell levels left.
You knew the following spells:

 Your Spells              Type           Power      Damage    Failure   Level
a - Summon Small Mammal   Summ           96%        N/A       1%          1
b - Call Imp              Summ           24%        N/A       2%          2
c - Call Canine Familiar  Summ           24%        N/A       4%          3
d - Summon Guardian Gole  Hex/Summ       13%        N/A       14%         3

Your spell library contained the following spells:

 Spells                   Type           Power      Damage    Failure   Level
 Summon Lightning Spire   Summ/Air       13%        N/A       41%         4


Dungeon Overview and Level Annotations

Branches:
Dungeon (6/15)             Temple (1/1) D:5           Sewer (visited)

Altars:
Ashenzari
Dithmenos
Elyvilon
Gozag
Hepliaklqana
Kikubaaqudgha
Nemelex Xobeh
Okawaru
Qazlal
Ru
Sif Muna
Trog
Wu Jian
Yredelemnul
The Shining One

Shops:
D:4 =   D:5 :

Annotations:
D:2 1 runed translucent door, Crazy Yiuf
D:4 Grinder


Innate Abilities, Weirdness & Mutations

You are small and have problems with some larger weapons.
You are completely attuned to the shadows.


Message History

The ufetubus completely misses you.
The ufetubus hits you but does no damage.
The sky beast completely misses you.
Your crimson imp barely misses the sky beast.
You closely miss the sky beast.
The sky beast is severely wounded.
The ufetubus hits you but does no damage.
The ufetubus misses you. The iguana closely misses you.
The sky beast hits you but does no damage.
Your crimson imp hits the sky beast but does no damage.
The ufetubus hits you.
* * * LOW HITPOINT WARNING * * *
The ufetubus barely misses you.
As you read the scroll of teleportation, it crumbles to dust.
You feel strangely unstable. The ufetubus misses you. x2
The iguana completely misses you.
The sky beast hits you but does no damage.
Your crimson imp hits the sky beast but does no damage.
Unknown command.
You hit the sky beast but do no damage.
The sky beast is severely wounded.
The ufetubus closely misses you. The ufetubus completely misses you.
The iguana bites you!
* * * LOW HITPOINT WARNING * * *
The sky beast misses you.
Your crimson imp closely misses the sky beast.
You feel better. The iguana bites you.
* * * LOW HITPOINT WARNING * * *
The sky beast misses you.
Your crimson imp blinks!
You feel better. The iguana bites you!
* * * LOW HITPOINT WARNING * * *
The white imp hits you but does no damage.
An orc wizard comes into view. It is wielding a +0 dagger.
The sky beast completely misses you.
Your crimson imp hits the iguana but does no damage.
You closely miss the sky beast.
The sky beast is severely wounded.
The iguana bites you!
You die...

..##..... ..#....##
.......# .....#.###.
....##....# o#
..##.#..#.# #. .#
..........###. .###..
......###...# #.5.#
..[...###.#.# #@#)#
..#....##...###Yl.##
.##..#.....[..ยง.?5...
##............$....
##################


You could see a sky beast (ally target), an iguana, an orc wizard (wandering), a
white imp and a friendly crimson imp (summoned).

Vanquished Creatures
  A sky beast (D:6)
  2 black bears
  3 phantoms
  A bullfrog (D:6)
  A scorpion (D:6)
  An orc priest (D:4)
  An iguana (D:4)
  2 orc wizards
  2 adders
  A shadow imp (D:5)
  2 white imps
  An ufetubus (D:5)
  A worm (D:5)
  6 orcs
  4 endoplasms
  4 giant cockroaches (D:3)
  3 goblins
  A hobgoblin (D:4)
  5 jackals
  5 quokkas
  3 ball pythons
  4 bats
  A frilled lizard (D:1)
  3 kobolds
  A rat (D:2)
59 creatures vanquished.

Vanquished Creatures (collateral kills)
  Sigmund (D:2)
  Pargi (Sewer)
  An ogre (D:4)
  A hound (D:5)
  2 orc priests
  4 gnolls (D:2)
  5 adders
  A worm (D:2)
  4 orcs
  6 ball pythons
  6 endoplasms
  2 giant cockroaches (D:1)
  A goblin (D:1)
  4 hobgoblins
  A quokka (D:2)
  3 bats
  A frilled lizard (D:2)
  3 kobolds
  4 rats (D:1)
51 creatures vanquished.

Grand Total: 110 creatures vanquished

Notes
Turn   | Place    | Note
-------+----------+-------------------------------------------
     0 | D:1      | LnG the Kobold Summoner began the quest for the Orb.
     0 | D:1      | Reached XP level 1. HP: 10/10 MP: 3/3
   312 | D:1      | Reached XP level 2. HP: 15/15 MP: 1/5
   315 | D:1      | Learned a level 2 spell: Call Imp
   537 | D:1      | Reached skill level 3 in Stealth
   896 | D:1      | Reached XP level 3. HP: 10/19 MP: 6/6
   900 | D:1      | Learned a level 3 spell: Call Canine Familiar
  1767 | D:2      | Reached XP level 4. HP: 20/24 MP: 4/7
  1833 | D:2      | Noticed Sigmund
  1985 | D:2      | Upgraded the game from 0.30-a0-364-gf6b3ef1049 to
                  | 0.30-a0-365-ge7f957f1db
  2101 | D:2      | Reached skill level 4 in Stealth
  2118 | D:2      | Reached XP level 5. HP: 22/28 MP: 4/9
  2236 | D:2      | Killed Sigmund
  2237 | D:2      | Reached skill level 5 in Stealth
  2237 | D:2      | Reached XP level 6. HP: 33/33 MP: 5/10
  2241 | D:2      | Learned a level 3 spell: Summon Guardian Golem
  2420 | D:2      | Found a runed translucent door.
  2434 | D:2      | Noticed Crazy Yiuf
  2906 | D:3      | Found a broken altar of Ashenzari.
  3132 | D:3      | Found a glowing drain.
  3200 | Sewer    | Entered a sewer
  3254 | Sewer    | Noticed Pargi
  3276 | Sewer    | Killed Pargi
  3277 | Sewer    | Reached skill level 1 in Fighting
  3277 | Sewer    | Reached skill level 5 in Summonings
  3277 | Sewer    | Reached XP level 7. HP: 6/38 MP: 3/12
  3802 | D:3      | Found an opulent altar of Gozag.
  3805 | D:3      | Found a white marble altar of Elyvilon.
  3806 | D:3      | Found an ornate altar of the Wu Jian Council.
  3806 | D:3      | Found an iron altar of Okawaru.
  4083 | D:4      | Reached skill level 1 in Short Blades
  4083 | D:4      | Reached skill level 5 in Dodging
  4083 | D:4      | Reached skill level 6 in Stealth
  4253 | D:4      | Reached skill level 7 in Stealth
  4401 | D:4      | Found Jumnori's Jewellery Boutique.
  4432 | D:4      | Noticed Grinder
  4436 | D:4      | Paralysed by Grinder for 4 turns
  4454 | D:4      | Identified the +1 leather armour of the Invisible Hand
                  | {Str+2 SInv}
  4492 | D:5      | Entered Level 5 of the Dungeon
  4719 | D:5      | Found a hazy altar of Hepliaklqana.
  4857 | D:5      | Reached XP level 8. HP: 32/43 MP: 8/13
  5035 | D:5      | Found an ancient bone altar of Kikubaaqudgha.
  5177 | D:5      | Found Hiczowk's Vocational Training.
  5571 | D:5      | Found a staircase to the Ecumenical Temple.
  5784 | Temple   | Entered the Ecumenical Temple
  5898 | Temple   | Became a worshipper of Dithmenos the Shadowed
  5981 | D:6      | Reached skill level 8 in Stealth
  6307 | D:6      | Slain by an iguana

Illustrated notes

Levels and vault maps discovered:
D:1:      heliophobic_arrival_henge, layout_basic, minmay_misc_feat_pillars,
          minmay_tetromino_t2
D:2:      layout_basic, uniq_sigmund, uniq_crazy_yiuf_cottage
D:3:      layout_basic, evilmike_ruin_ashenzari, mainiacjoe_overflow_alcove_3,
          portal_sewer_entry_f, grunt_ministairs_14
D:4:      layout_basic, serial_shops, shop, minmay_misc_feat_encased,
          uniq_grinder
D:5:      layout_loops_corners, kennysheep_little_box,
          nicolae_hepliaklqana_hazy_memory, minmay_temple_entry_fiery,
          nicolae_shop_vocational
D:6:      layout_cave_pools, minmay_starry_boxes
Temple:   hellmonk_temple_beads

Skill      XL: |  1  2  3  4  5  6  7  8 |
---------------+-------------------------+-----
Stealth        | 3 4 5 7 8 |  8.7
Dodging        | 3 4 5 7 |  7.2
Spellcasting   | 3 4 |  4.4
Fighting       | 1 |  1.7
Summonings     | 5 |  5.5
Short Blades   | 1 3 |  3.1

Action                   |  1- 3 |  4- 6 |  7- 9 || total
-------------------------+-------+-------+-------++-------
Melee: Unarmed           |   107 |    23 |       ||   130
       Dagger            |       |   114 |   232 ||   346
       Punch             |       |     2 |     7 ||     9
 Cast: Summon Small Mamm |    23 |     1 |     1 ||    25
       Call Imp          |     7 |     2 |     5 ||    14
       Call Canine Famil |     2 |     8 |    13 ||    23
       Summon Guardian G |       |     1 |       ||     1
  Use: Scroll            |       |     1 |     3 ||     4
       Potion            |       |       |     4 ||     4
 Stab: Sleeping          |     8 |     6 |    23 ||    37
       Distracted        |       |       |     4 ||     4
Armor: Robe              |    23 |    34 |    67 ||   124
Dodge: Dodged            |    77 |   110 |   190 ||   377

Table legend: (Time is in decaauts)
 A = Elapsed time spent in this place.
 B = Non-inter-level travel time spent in this place.
 C = Inter-level travel time spent in this place.
 D = Time resting spent in this place.
 E = Time spent auto-exploring this place.
 F = Levels seen in this place.
 G = Mean time per level.
                   A        B        C        D        E       F      G
               +--------+--------+--------+--------+--------+-----+--------+
         Total |   6296 |   5949 |    347 |    400 |   4316 |   8 |  787.0 |
       Dungeon |   5904 |   5598 |    306 |    280 |   4135 |   6 |  984.0 |
        Temple |    139 |     98 |     41 |      0 |     88 |   1 |  139.0 |
         Sewer |    252 |    252 |      0 |    120 |     93 |   1 |  252.0 |
               +--------+--------+--------+--------+--------+-----+--------+

Top non-repeatable levels by time:
     D:2: 1706 daAuts
     D:5: 1332 daAuts
     D:1: 1177 daAuts
     D:3: 868 daAuts
     D:4: 494 daAuts
     D:6: 326 daAuts
   Sewer: 252 daAuts
  Temple: 139 daAuts
